Map: [ESL] Goldenaura

Players

Highdra

  • Race: Protoss Protoss
  • League: Grandmaster
  • Spawn Location: 12:00

trigger - Winner!

  • Race: Protoss Protoss
  • League: Grandmaster
  • Spawn Location: 5:00

Event: HomeStory Cup XXIV

VOD

Have the link to the VOD?

Description

Time

  • Played on: Dec. 2, 2023, 3:07 p.m.
  • Length: 11:38

All games in this series

Show
View Real Time Build Order
Export as new Build Order

Highdra Protoss 

Build Orders: Blink Stalkers, Chargelot Immortal 

Get SALT Encoding   

  12  0:00  Probe  
  13  0:12  Probe  
  14  0:17  Pylon  
  14  0:24  Probe (Chrono Boost)  
  15  0:36  Probe (Chrono Boost)  
  15  0:38  Gateway  
  16  0:44  Probe (Chrono Boost)  
  16  0:46  Assimilator  
  17  0:51  Probe  
  17  0:56  Assimilator  
  18  1:03  Probe (Chrono Boost)  
  19  1:08  Gateway  
  19  1:14  Probe (Chrono Boost)  
  20  1:18  Probe (Chrono Boost)  
  21  1:25  Cybernetics Core  
  21  1:29  Probe  
  22  1:36  Pylon  
  22  1:41  Probe  
  24  1:54  Probe  
  24  2:01  Stalker  
  24  2:02  Stalker  
  24  2:04  Warp Gate  
  24  2:07  Probe  
  29  2:15  Pylon  
  29  2:25  Pylon  
  29  2:31  Stalker  
  31  2:40  Twilight Council  
  31  2:42  Stalker  
  32  3:02  Pylon  
  32  3:16  Blink (Chrono Boost)  
  31  3:23  Nexus, Sentry  
  33  3:28  Probe  
  34  3:34  Pylon  
  34  3:40  Probe  
  35  3:52  Probe  
  35  3:54  Stalker x2  
  40  4:04  Probe  
  40  4:16  Probe  
  41  4:17  Stalker  
  41  4:19  Stalker  
  46  4:31  Probe (Chrono Boost)  
  46  4:35  Probe (Chrono Boost)  
  47  4:44  Probe (Chrono Boost)  
  47  4:45  Probe (Chrono Boost)  
  49  4:49  Robotics Facility, Probe (Chrono Boost)  
  50  4:53  Stalker, Probe  
  50  4:59  Stalker  
  55  5:02  Probe  
  55  5:07  Probe  
  57  5:08  Pylon  
  57  5:15  Probe  
  57  5:19  Probe  
  57  5:20  Gateway  
  59  5:27  Probe  
  60  5:30  Stalker x2  
  60  5:31  Probe  
  65  5:38  Pylon  
  65  5:39  Probe  
  65  5:41  Immortal (Chrono Boost)  
  70  5:52  Shield Battery  
  70  6:02  Nexus  
  70  6:07  Probe x2  
  72  6:17  Observer (Chrono Boost)  
  76  6:20  Shield Battery, Probe x2  
  76  6:22  Stalker  
  76  6:24  Pylon  
  77  6:29  Pylon  
  77  6:31  Charge  
  77  6:32  Probe  
  78  6:39  Probe  
  78  6:45  Adept x2  
  78  6:46  Stalker  
  84  6:54  Probe x2  
  78  6:55  Immortal (Chrono Boost)  
  82  7:04  Pylon  
  80  7:10  Stalker x2  
  80  7:11  Stalker  
  84  7:25  Warp Prism (Chrono Boost)  
  83  7:36  Probe x3  
  80  7:43  Gateway  
  78  7:45  Gateway  
  78  7:46  Gateway x2  
  78  7:49  Probe x2  
  80  8:01  Immortal (Chrono Boost)  
  80  8:04  Sentry x2  
  88  8:09  Probe (Chrono Boost)  
  89  8:15  Probe x2 (Chrono Boost)  
  89  8:17  Stalker  
  91  8:20  Pylon  
  91  8:31  Sentry, Warp Prism (Chrono Boost), Adept  
  97  8:41  Zealot x4, Stalker  
  107  8:50  Pylon  
  107  8:53  Zealot  
  107  8:54  Zealot  
  111  9:02  Zealot  
  111  9:04  Zealot x2  
  111  9:05  Zealot x2  
  109  9:17  Zealot x2  
  102  9:25  Zealot x2  
  102  9:26  Zealot x2, Immortal (Chrono Boost)  
  100  9:37  Zealot  
  92  9:38  Zealot x2  
  79  9:55  Zealot x4  
  81  10:00  Pylon  
  79  10:08  Zealot x2  
  79  10:09  Zealot  
  85  10:16  Stalker x3  
  87  10:36  Observer  
  87  10:41  Zealot  
  87  10:42  Zealot  
  92  10:44  Zealot x2  
  92  10:47  Zealot  
  91  11:10  Zealot x4  
  97  11:11  Sentry  
  65  11:29  Sentry x2  
Show
View Real Time Build Order
Export as new Build Order

trigger Protoss - Winner!

Build Orders: Oracle Opening 

Get SALT Encoding   

  12  0:00  Probe  
  13  0:12  Probe  
  14  0:17  Pylon  
  14  0:24  Probe (Chrono Boost)  
  16  0:36  Probe (Chrono Boost)  
  16  0:38  Gateway  
  16  0:43  Probe (Chrono Boost)  
  16  0:46  Assimilator  
  17  0:50  Probe  
  17  0:55  Assimilator  
  18  1:03  Probe (Chrono Boost)  
  19  1:09  Gateway  
  19  1:13  Probe (Chrono Boost)  
  19  1:18  Probe  
  20  1:25  Cybernetics Core  
  21  1:30  Probe  
  22  1:34  Pylon  
  22  1:42  Probe  
  23  1:54  Probe  
  23  2:01  Warp Gate, Adept x2  
  28  2:08  Probe  
  28  2:13  Pylon  
  29  2:27  Stargate  
  29  2:32  Stalker  
  29  2:33  Stalker  
  33  2:57  Nexus  
  33  3:08  Oracle (Chrono Boost)  
  34  3:20  Shield Battery  
  34  3:24  Robotics Facility  
  34  3:28  Probe  
  35  3:40  Probe  
  34  3:43  Twilight Council  
  34  3:47  Pylon  
  34  3:51  Stalker  
  34  3:52  Stalker  
  38  3:57  Probe  
  39  4:09  Probe x2 (Chrono Boost)  
  41  4:17  Stalker  
  41  4:18  Probe (Chrono Boost), Stalker  
  47  4:26  Probe x2  
  47  4:29  Blink (Chrono Boost)  
  49  4:38  Probe (Chrono Boost)  
  49  4:43  Gateway  
  49  4:44  Probe (Chrono Boost)  
  50  4:48  Probe (Chrono Boost)  
  50  4:52  Probe (Chrono Boost)  
  52  4:58  Probe  
  50  5:01  Robotics Facility  
  50  5:04  Probe  
  51  5:07  Assimilator  
  51  5:09  Stalker x2  
  51  5:11  Probe  
  56  5:17  Gateway, Probe  
  57  5:23  Assimilator  
  57  5:26  Pylon  
  57  5:32  Stalker x2  
  61  5:39  Pylon  
  61  5:44  Warp Prism (Chrono Boost)  
  61  5:49  Stalker  
  65  5:55  Pylon, Stalker  
  67  5:57  Stalker  
  67  6:01  Probe  
  70  6:12  Stalker x2  
  70  6:14  Observer  
  75  6:21  Pylon  
  75  6:22  Stalker x2  
  79  6:36  Nexus  
  79  6:42  Stalker x2  
  83  6:48  Probe  
  74  6:55  Probe  
  74  6:58  Adept x2  
  74  6:59  Charge  
  74  7:00  Probe  
  80  7:02  Pylon  
  80  7:08  Probe  
  81  7:12  Probe  
  82  7:20  Probe  
  83  7:22  Stalker  
  83  7:23  Stalker x2  
  83  7:24  Probe  
  89  7:31  Stalker  
  89  7:32  Probe (Chrono Boost)  
  89  7:36  Probe (Chrono Boost)  
  91  7:37  Forge  
  87  7:44  Gateway, Probe (Chrono Boost)  
  87  7:46  Gateway  
  87  7:48  Probe (Chrono Boost)  
  89  7:51  Probe (Chrono Boost)  
  89  7:52  Probe (Chrono Boost)  
  89  7:53  Probe (Chrono Boost)  
  89  7:55  Immortal (Chrono Boost)  
  95  8:03  Zealot x2  
  99  8:06  Zealot  
  99  8:08  Zealot  
  103  8:14  Pylon  
  103  8:18  Gateway x2  
  103  8:23  Sentry  
  103  8:24  Zealot  
  107  8:28  Zealot x2  
  112  8:34  Observer (Chrono Boost)  
  112  8:36  Pylon  
  112  8:40  Zealot x2  
  116  8:46  Pylon  
  116  8:49  Zealot x4  
  124  9:02  Immortal  
  128  9:10  Zealot x5  
  128  9:13  Zealot x3  
  100  9:31  Zealot x5  
  100  9:38  Zealot x3  
  110  9:43  Templar Archives  
  96  9:53  Observer  
  92  10:05  Zealot x4  
  92  10:06  Zealot x4  
  98  10:15  Nexus  
  98  10:16  Forge  
  98  10:21  Shield Battery  
  98  10:32  High Templar x6  
  98  10:34  Zealot x2  
  112  10:36  Archon x2, Immortal (Chrono Boost)  
  112  10:37  Archon  
  116  10:49  Shield Battery  
  110  10:56  Zealot x2  
  106  11:02  Pylon  
  106  11:04  Zealot x5  
  106  11:06  Zealot  
  119  11:22  Zealot x2  
  119  11:25  Zealot x5  
  111  11:28  Zealot  
Tags
 
Add a new tag
Caveats
  • Supply blocks, unpowered buildings, or Contaminate may cause inaccurate times.
  • Supply counts are checked every 10 seconds.